 Dungeon Crawl Stone Soup version 0.27-a0-417-g317cea8 (webtiles) character file.

Game seed: 5515546705974301066

1454 GeorgeSoros the Chopper (level 8, 0/60 HPs)
             Began as a Gnoll Wanderer on Feb 25, 2021.
             Was a Believer of Hepliaklqana.
             Killed from afar by an electric eel (10 damage)
             ... with a bolt of electricity
             ... on level 7 of the Dungeon.
             The game lasted 00:20:37 (7058 turns).

GeorgeSoros the Chopper (Gnoll Wanderer)            Turns: 7058, Time: 00:20:38

Health: 0/60       AC: 10    Str: 10    XL:     8   Next: 76%
Magic:  13/13      EV: 13    Int: 22    God:    Hepliaklqana [**....]
Gold:   352        SH:  0    Dex:  9    Spells: 14/14 levels left

rFire    . . .     SeeInvis .   m - +9 dagger of Megalomania {vorpal, rC+ Int+4}
rCold    + + .     Faith    .   (no shield)
rNeg     . . .     Spirit   .   o - +3 leather armour {rC+}
rPois    .         Reflect  .   l - +0 helmet
rElec    .         Harm     .   (no cloak)
rCorr    .         Rampage  .   b - +2 pair of gloves
Will     .....                  (no boots)
Stlth    ++........             y - amulet of the acrobat
HPRegen  0.20/turn              (no ring)
MPRegen  0.13/turn              (no ring)

@: no status effects
A: distributed training, reduced essence, fangs 1, strong nose
a: Renounce Religion, Ancestor Life: Knight, Ancestor Life: Battlemage, Ancestor
Life: Hexer, Recall Ancestor, Ancestor Identity


You were on level 7 of the Dungeon.
You worshipped Hepliaklqana.
Hepliaklqana was pleased with you.
You visited 2 branches of the dungeon, and saw 8 of its levels.
You also visited: Ossuary.

You collected 352 gold pieces.

Inventory:

Hand Weapons
 a - a +0 hand crossbow
 i - a +4 vampiric dagger
 m - the +9 dagger of Megalomania (weapon) {vorpal, rC+ Int+4}
   (You found it on level 4 of the Dungeon)

   It inflicts extra damage upon your enemies.
   It affects your intelligence (+4).
   It protects you from cold.
Missiles
 c - 65 bolts
 x - 5 javelins (quivered)
Armour
 b - a +2 pair of gloves (worn)
 l - a +0 helmet (worn)
 o - a +3 leather armour of cold resistance (worn)
Jewellery
 j - an amulet of guardian spirit
 y - an amulet of the acrobat (around neck)
Wands
 u - a wand of flame (13)
 v - a wand of digging (5)
 z - a wand of paralysis (8)
Scrolls
 k - 6 scrolls of teleportation
 p - 2 scrolls of immolation
 r - 5 scrolls of enchant armour
 A - a scroll of magic mapping
Potions
 d - 6 potions of curing
 e - 2 potions of cancellation
 f - 3 potions of mutation
 g - a potion of brilliance
 h - a potion of invisibility
 n - 3 potions of haste
 q - a potion of lignification {unknown}
 s - a potion of might {unknown}
 t - a potion of heal wounds {unknown}
 w - 3 potions of attraction {unknown}


   Skills:
 + Level 7.5 Fighting
 + Level 3.5 Short Blades
 + Level 3.5 Long Blades
 + Level 7.5 Axes
 + Level 3.5 Maces & Flails
 + Level 3.5 Polearms
 + Level 3.5 Staves
 + Level 3.5 Slings
 + Level 3.5 Bows
 + Level 3.5 Crossbows
 + Level 3.5 Throwing
 + Level 3.5 Armour
 + Level 5.8 Dodging
 + Level 5.5 Stealth
 + Level 3.5 Shields
 + Level 3.5 Unarmed Combat
 + Level 3.5 Spellcasting
 + Level 2.9 Conjurations
 + Level 2.9 Hexes
 + Level 2.9 Summonings
 + Level 2.9 Necromancy
 + Level 2.9 Translocations
 + Level 2.9 Transmutations
 + Level 2.9 Fire Magic
 + Level 2.9 Ice Magic
 + Level 2.9 Air Magic
 + Level 2.9 Earth Magic
 + Level 2.9 Poison Magic
 + Level 3.9 Invocations
 + Level 3.5 Evocations


You had 14 spell levels left.
You didn't know any spells.
Your spell library was empty.

Dungeon Overview and Level Annotations

Branches:
Dungeon (7/15)             Temple (1/1) D:4         Ossuary (visited)

Altars:
Ashenzari
Cheibriados
Elyvilon
Fedhas
Gozag
Hepliaklqana
Makhleb
Nemelex Xobeh
Qazlal
Trog
Vehumet
Wu Jian
Xom
Yredelemnul


Innate Abilities, Weirdness & Mutations

Your experience applies equally to all skills.
You have very sharp teeth.
Your uncanny sense of smell can sniff out nearby items.
Your life essence is reduced to manifest your ancestor. (-10% HP)


Message History

You kill the electric eel!
You hear a splash.
No target in view!
HP restored.
You enter the shallow water.
Moving in this stuff is going to be slow.
Found 21 arrows.
You see here 21 arrows.
You enter the shallow water.
Moving in this stuff is going to be slow. 2 electric eels come into view.
You swap places.
Found a scale mail.
Found a scroll of enchant armour.
Found a stone staircase leading down.
You may now remember your ancestor's life.
Okay, then.
r - 5 scrolls of enchant armour (gained 1)
Found a stone staircase leading up.
w - 3 ruby potions (gained 1)
You swap places.
You swap places.
You swap places.
An electric eel comes into view.
The electric eel shoots out a bolt of lightning at you!
The bolt of electricity hits you!
The bolt of electricity hits Taribatum!
You closely miss the electric eel.
The electric eel shoots out a bolt of lightning at you!
The bolt of electricity hits you! x2
You closely miss the electric eel. You closely miss the electric eel.
Taribatum misses the electric eel.
The electric eel shoots out a bolt of lightning at you!
The bolt of electricity hits you. x2
You hit the electric eel.
The electric eel is lightly wounded.
Taribatum misses the electric eel.
The electric eel shoots out a bolt of lightning at you!
The bolt of electricity hits you!
* * * LOW HITPOINT WARNING * * *
The bolt of electricity hits you!
You die...

##### #≈≈≈## #####
PP≈≈≈# #.#.#♣♣≈P≈♣♣
#####....♣≈≈≈≈P♣...
###.......#≈.@;≈P≈#
..#.# #.#.#..R....#
#.#.###...........#
#
#.#.#....##.......#
#
#.#.#.#..########.#
# #.#.#.#..# .# ♣♣≈
# #.#.#.#..# . ≈≈
####.#.#.#..#


≈PP ≈ #......#.#..# ≈ ≈≈ You could see the friendly Taribatum the ancestor and
an electric eel (ally target).

Vanquished Creatures
  Grinder (D:5)
  Eustachio (D:4)
  Duvessa (D:4)
  An orc warrior (D:6)
  Dowan (D:4)
  A scorpion (D:4)
  A wight (D:6)
  An electric eel (D:7)
  3 human zombies (Ossuary)
  3 orc priests
  An iguana (D:4)
  2 orc wizards
  A worker ant (D:3)
  A hound skeleton (D:4)
  4 mummies (Ossuary)
  Robin (D:2)
  7 adders
  A shadow imp (D:5)
  2 white imps (D:6)
  An ufetubus (D:6)
  A worm (D:2)
  A dart slug (D:4)
  7 leopard geckos
  9 orcs
  A ball python (D:3)
  5 giant cockroaches
  17 goblins
  7 hobgoblins
  11 jackals
  4 quokkas
  12 bats
  5 frilled lizards
  A gnoll zombie (Ossuary)
  3 goblin zombies (Ossuary)
  7 kobolds
  A kobold zombie (Ossuary)
  A quokka skeleton (D:4)
  7 rats
135 creatures vanquished.

Vanquished Creatures (collateral kills)
  A sky beast (D:6)
  A bullfrog (D:6)
  A white imp (D:6)
  An adder skeleton (D:4)
  2 jackals
6 creatures vanquished.

Vanquished Creatures (others)
  2 ancestors
2 creatures vanquished.

Grand Total: 143 creatures vanquished

Notes
Turn   | Place    | Note
-------+----------+-------------------------------------------
     0 | D:1      | GeorgeSoros the Gnoll Wanderer began the quest for the Orb.
     0 | D:1      | GeorgeSoros set off with the following items: a +0 hand
                  | crossbow, a +2 leather armour, 25 bolts, a potion of
                  | curing, a +0 dagger
     0 | D:1      | Reached XP level 1. HP: 23/23 MP: 1/1
   475 | D:1      | Reached XP level 2. HP: 29/29 MP: 2/2
   812 | D:2      | Noticed Robin
  1132 | D:1      | Reached XP level 3. HP: 35/35 MP: 3/3
  1455 | D:2      | Found a blossoming altar of Fedhas.
  1461 | D:2      | Reached skill level 1 in Invocations
  1552 | D:2      | Reached skill level 1 in Short Blades
  1552 | D:2      | Reached skill level 1 in Long Blades
  1552 | D:2      | Reached skill level 1 in Maces & Flails
  1552 | D:2      | Reached skill level 1 in Polearms
  1552 | D:2      | Reached skill level 1 in Staves
  1552 | D:2      | Reached skill level 1 in Slings
  1552 | D:2      | Reached skill level 1 in Bows
  1552 | D:2      | Reached skill level 1 in Crossbows
  1552 | D:2      | Reached skill level 1 in Throwing
  1552 | D:2      | Reached skill level 1 in Armour
  1552 | D:2      | Reached skill level 1 in Shields
  1552 | D:2      | Reached skill level 1 in Unarmed Combat
  1552 | D:2      | Reached skill level 1 in Spellcasting
  1552 | D:2      | Reached skill level 1 in Evocations
  1559 | D:2      | Found a radiant altar of Vehumet.
  1633 | D:2      | Reached XP level 4. HP: 41/41 MP: 5/5
  1834 | D:2      | Reached skill level 1 in Conjurations
  1834 | D:2      | Reached skill level 1 in Hexes
  1834 | D:2      | Reached skill level 1 in Summonings
  1834 | D:2      | Reached skill level 1 in Necromancy
  1834 | D:2      | Reached skill level 1 in Translocations
  1834 | D:2      | Reached skill level 1 in Transmutations
  1834 | D:2      | Reached skill level 1 in Fire Magic
  1834 | D:2      | Reached skill level 1 in Ice Magic
  1834 | D:2      | Reached skill level 1 in Air Magic
  1834 | D:2      | Reached skill level 1 in Earth Magic
  1834 | D:2      | Reached skill level 1 in Poison Magic
  1954 | D:2      | Killed Robin
  2215 | D:3      | Reached XP level 5. HP: 47/47 MP: 6/6
  3143 | D:4      | Identified a brightly glowing dagger
  3227 | D:4      | Noticed Eustachio
  3426 | D:4      | Killed Eustachio
  3427 | D:4      | Reached skill level 5 in Dodging
  3427 | D:4      | Reached XP level 6. HP: 40/53 MP: 4/9
  3563 | D:4      | Found a sand-covered staircase.
  3572 | Ossuary  | Entered an ossuary
  3760 | Ossuary  | Reached XP level 7. HP: 59/59 MP: 10/10
  4326 | D:4      | Found a snail-covered altar of Cheibriados.
  4335 | D:4      | Noticed Duvessa
  4336 | D:4      | Noticed Dowan
  4347 | D:4      | Killed Duvessa
  4348 | D:4      | Reached skill level 5 in Stealth
  4353 | D:4      | Killed Dowan
  4490 | D:4      | Found a staircase to the Ecumenical Temple.
  4799 | D:4      | Reached XP level 8. HP: 66/67 MP: 12/12
  4852 | Temple   | Entered the Ecumenical Temple
  4967 | Temple   | Became a worshipper of Hepliaklqana the Forgotten
  5202 | D:5      | Entered Level 5 of the Dungeon
  5688 | D:5      | Noticed Grinder
  5691 | D:5      | Paralysed by something for 4 turns
  5701 | D:5      | Paralysed by something for 4 turns
  5956 | D:5      | Killed Grinder
  6174 | D:6      | Identified a twisted chain mail
  6243 | D:6      | Reached * piety under Hepliaklqana
  6749 | D:6      | Found a sparkling altar of Nemelex Xobeh.
  6833 | D:7      | Found a basalt altar of Yredelemnul.
  6966 | D:7      | Reached ** piety under Hepliaklqana
  7058 | D:7      | Killed from afar by an electric eel

Illustrated notes

Levels and vault maps discovered:
D:1:      dpeg_arrival_connections, layout_rooms, minivault_14, chequers_jeans,
          feat_on_display
D:2:      layout_rooms, marbit_many_paths, vehumet_crystals,
          minmay_joined_circles, uniq_robin
D:3:      layout_loops_corners
D:4:      layout_cave_pools, overflow_temple_1_default,
          minmay_temple_entry_statues_pillars, enter_ossuary_1, minivault_27,
          uniq_eustachio, uniq_duvessa
D:5:      layout_cave_pods, minmay_misc_feat_five, uniq_grinder
D:6:      layout_basic, lemuel_crystal_altar, minmay_fractal_squares_5
D:7:      layout_basic, nicolae_overflow_hidden_temple, serial_bayou,
          serial_bayou_crossing, serial_bayou_shore_b, serial_bayou_lake_a,
          serial_bayou_pond_e, serial_bayou_ford_a, serial_bayou_lagoon_a
Temple:   nicolae_temple_figure_zero

Skill      XL: |  1  2  3  4  5  6  7  8 |
---------------+-------------------------+-----
Invocations    | 1 2 3 |  3.9
Short Blades   | 1 2 3 |  3.5
Long Blades    | 1 2 3 |  3.5
Maces & Flails | 1 2 3 |  3.5
Polearms       | 1 2 3 |  3.5
Staves         | 1 2 3 |  3.5
Slings         | 1 2 3 |  3.5
Bows           | 1 2 3 |  3.5
Crossbows      | 1 2 3 |  3.5
Throwing       | 1 2 3 |  3.5
Armour         | 1 2 3 |  3.5
Shields        | 1 2 3 |  3.5
Unarmed Combat | 1 2 3 |  3.5
Spellcasting   | 1 2 3 |  3.5
Evocations     | 1 2 3 |  3.5
Conjurations   | 1 2 |  2.9
Hexes          | 1 2 |  2.9
Summonings     | 1 2 |  2.9
Necromancy     | 1 2 |  2.9
Translocations | 1 2 |  2.9
Transmutations | 1 2 |  2.9
Fire Magic     | 1 2 |  2.9
Ice Magic      | 1 2 |  2.9
Air Magic      | 1 2 |  2.9
Earth Magic    | 1 2 |  2.9
Poison Magic   | 1 2 |  2.9
Dodging        | 5 |  5.8
Fighting       | 7 |  7.5
Axes           | 7 |  7.5
Stealth        | 5 |  5.5

Action                   |  1- 3 |  4- 6 |  7- 9 || total
-------------------------+-------+-------+-------++-------
Melee: Dagger            |   263 |   214 |   176 ||   653
       Bite              |    17 |    12 |    10 ||    39
  Use: Scroll            |     2 |     2 |     8 ||    12
 Stab: Sleeping          |     3 |     6 |     3 ||    12
Armor: Leather armour    |   121 |    62 |    58 ||   241
Dodge: Dodged            |   175 |   142 |    74 ||   391

Table legend: (Time is in decaauts)
 A = Elapsed time spent in this place.
 B = Non-inter-level travel time spent in this place.
 C = Inter-level travel time spent in this place.
 D = Time resting spent in this place.
 E = Time spent auto-exploring this place.
 F = Levels seen in this place.
 G = Mean time per level.
                   A        B        C        D        E       F      G
               +--------+--------+--------+--------+--------+-----+--------+
         Total |   7027 |   6708 |    319 |    753 |   4345 |   9 |  780.8 |
       Dungeon |   6431 |   6121 |    310 |    556 |   4172 |   7 |  918.7 |
        Temple |    125 |    116 |      9 |      0 |    113 |   1 |  125.0 |
       Ossuary |    471 |    471 |      0 |    197 |     60 |   1 |  471.0 |
               +--------+--------+--------+--------+--------+-----+--------+

Top non-repeatable levels by time:
     D:3: 1437 daAuts
     D:1: 1421 daAuts
     D:4: 1146 daAuts
     D:5: 792 daAuts
     D:2: 742 daAuts
     D:6: 609 daAuts
 Ossuary: 471 daAuts
     D:7: 280 daAuts
  Temple: 125 daAuts
